 Dungeon Crawl Stone Soup version 0.26.1-11-gd32895ea62 (webtiles) character file.

Game seed: 15523888025631262228

1215 hawla the Conjurer (level 8, 0/37 (44) HPs)
             Began as a Deep Elf Conjurer on May 23, 2021.
             Was a Follower of Vehumet.
             Slain by a wight
             ... wielding a +5 scimitar of freezing
              (2 damage)
             ... on level 6 of the Dungeon.
             The game lasted 00:18:04 (6228 turns).

hawla the Conjurer (Deep Elf Conjurer)              Turns: 6228, Time: 00:18:06

HP:   0/37 (44)     AC:  6    Str:  4    XL:     8   Next: 22%
MP:   2/17          EV: 14    Int: 26    God:    Vehumet [*.....]
Gold: 100           SH:  0    Dex: 13    Spells: 10/17 levels left

rFire    . . .     SeeInvis +   e - +1 quarterstaff
rCold    + . .     Faith    .   (shield currently unavailable)
rNeg     . . .     Spirit   .   n - +2 robe {Archmagi}
rPois    .         Reflect  .   (no helmet)
rElec    .         Harm     .   (no cloak)
rCorr    .         Rampage  .   m - +0 pair of gloves
Will     .....                  p - +0 pair of boots
Stlth    ++........             (no amulet)
HPRegen  0.12/turn              b - ring of see invisible
MPRegen  0.15/turn              i - ring of protection from cold

@: brilliant, heavily drained
A: no striking features
a: Renounce Religion


You were on level 6 of the Dungeon.
You worshipped Vehumet.
Vehumet was aware of your devotion.
You visited 1 branch of the dungeon, and saw 6 of its levels.

You collected 203 gold pieces.
You spent 103 gold pieces at shops.

Inventory:

Hand Weapons
 e - a +1 quarterstaff (weapon)
Missiles
 g - 8 javelins
 l - 5 boomerangs
 q - 10 poisoned darts
Armour
 m - a +0 pair of gloves (worn)
 n - a +2 robe of the Archmagi (worn)
 p - a +0 pair of boots (worn)
Jewellery
 b - a ring of see invisible (left hand)
 i - a ring of protection from cold (right hand)
Wands
 j - a wand of flame (31)
Scrolls
 f - 4 scrolls of remove curse
 k - a scroll of enchant weapon
Potions
 a - a potion of attraction


   Skills:
 - Level 2.0 Fighting
 - Level 3.0 Staves
 - Level 4.0 Dodging
 - Level 4.0 Stealth
 - Level 5.0 Spellcasting
 + Level 7.9 Conjurations
 + Level 4.7 Translocations


You had 10 spell levels left.
You knew the following spells:

 Your Spells              Type           Power        Failure   Level
a - Magic Dart            Conj           100%         1%          1
b - Searing Ray           Conj           100%         1%          2
c - Iskenderun's Mystic   Conj/Tloc      73%          5%          4

Your spell library contained the following spells:

 Spells                   Type           Power        Failure   Level
 Foxfire                  Conj/Fire      100%         1%          1
 Apportation              Tloc           100%         1%          1
 Dazzling Flash           Conj/Hex       100%         4%          3
 Animate Skeleton         Necr           28%          8%          1
 Corona                   Hex            15%          8%          1
 Summon Small Mammal      Summ           56%          8%          1
 Fulminant Prism          Conj/Hex       28%          16%         4


Dungeon Overview and Level Annotations

Branches:
Dungeon (6/15)             Temple (0/1) D:5

Altars:
Nemelex Xobeh
Okawaru
Ru
Trog
Uskayaw
Vehumet
Yredelemnul
Zin
The Shining One

Shops:
D:4 [:[   D:5 :((:

Annotations:
D:3 2 transporters, Zeld's ghost, amateur OpGl


Message History

Confirm with . or Enter, or press ? or * to list all spells.
Aiming: Magic Dart (safe; 1% risk of failure)
Press: ? - help, Shift-Dir - straight line, f - wight
Aim: a wight, wielding a +5 scimitar of freezing and wearing a +0 robe (heavily damaged, 0% to evade)
You feel a strong surge of power!
The magic dart hits the wight but does no damage.
The wight is heavily damaged.
The wight misses you.
You see here a hand crossbow.
You feel less attractive to monsters.
Casting: Magic Dart (safe; 1% risk of failure)
Confirm with . or Enter, or press ? or * to list all spells.
The spell is quite dangerous to cast (5% risk of failure)!
Continue anyway?
You feel a strong surge of power!
You erupt in a blast of force!
The mystic blast hits the wight but does no damage.
The wight is moderately damaged.
The wight hits you with a +5 scimitar of freezing!
* * * LOW HITPOINT WARNING * * *
You feel drained.
You die...

#.# ##....## #<##
##...#†.### #..#
#...##)...### .
###.####..###..>...#.#
###..)......###.)......#
.....#####...##........#
.....# ##...#...#....#
....## ##...........#
###.## #...z@.......
#..# ##....##.?....
##.## #....## #.....
#..## ##....# #....
##..###....## ....
#..#......# ...
#.........# .
......#####.....#
.....## #.......


You could see a wight.

Vanquished Creatures
  Sigmund (D:2)
  Menkaure (D:4)
  An ogre (D:5)
  Blork the orc (D:4)
  A scorpion (D:5)
  4 wights (D:6)
  A howler monkey (D:5)
  A hound (D:5)
  An orc priest (D:5)
  Jessica (D:3)
  4 orc wizards
  Natasha (thrice) (D:2)
  2 worker ants (D:5)
  Terence (D:2)
  8 adders
  3 gnolls (D:5)
  A shadow imp (D:5)
  An adder zombie (D:5)
  An ooze (D:3)
  An adder skeleton (D:3)
  A worm (D:2)
  4 dart slugs
  A leopard gecko (D:4)
  13 orcs
  7 goblins
  6 hobgoblins
  2 jackals (D:5)
  11 kobolds
  4 quokkas
  2 ball pythons
  3 bats (D:2)
  6 frilled lizards
  5 rats
103 creatures vanquished.

Notes
Turn   | Place    | Note
-------+----------+-------------------------------------------
     0 | D:1      | hawla the Deep Elf Conjurer began the quest for the Orb.
     0 | D:1      | Reached XP level 1. HP: 10/10 MP: 6/6
   551 | D:1      | Reached XP level 2. HP: 16/16 MP: 5/8
   554 | D:1      | Learned a level 2 spell: Searing Ray
   906 | D:2      | Reached skill level 1 in Translocations
  1202 | D:2      | Noticed Sigmund
  1203 | D:2      | Reached XP level 3. HP: 20/20 MP: 6/10
  1208 | D:2      | Killed Sigmund
  1209 | D:2      | Reached skill level 1 in Fighting
  1209 | D:2      | Reached skill level 5 in Conjurations
  1209 | D:2      | Reached XP level 4. HP: 8/25 MP: 0/12
  1209 | D:2      | Reached XP level 5. HP: 9/29 MP: 0/13
  1229 | D:2      | Learned a level 4 spell: Iskenderun's Mystic Blast
  1565 | D:2      | Reached skill level 6 in Conjurations
  1630 | D:2      | Noticed Natasha
  1642 | D:2      | Killed Natasha
  1644 | D:2      | Noticed Terence
  1747 | D:2      | Killed Terence
  1954 | D:2      | Noticed Natasha
  1958 | D:2      | Killed Natasha
  2050 | D:2      | Found a hide-covered altar of Uskayaw.
  2050 | D:2      | Found a sparkling altar of Nemelex Xobeh.
  2050 | D:2      | Found a sacrificial altar of Ru.
  2050 | D:2      | Found an iron altar of Okawaru.
  2087 | D:2      | Reached XP level 6. HP: 34/34 MP: 11/14
  2133 | D:2      | Noticed Natasha
  2140 | D:2      | Killed Natasha
  2504 | D:2      | Reached skill level 7 in Conjurations
  2854 | D:3      | Found a transporter.
  2855 | D:3      | Noticed Zeld's ghost (amateur OpGl)
  2856 | D:3      | Found a transporter.
  2858 | D:3      | Identified the +6 dire flail of the Gnat {speed, rPois rF+
                  | Stlth+}
  2943 | D:3      | Noticed Jessica
  2946 | D:3      | Killed Jessica
  3021 | D:3      | Found a glowing golden altar of the Shining One.
  3022 | D:3      | Found a radiant altar of Vehumet.
  3083 | D:3      | Became a worshipper of Vehumet
  3713 | D:4      | Found Fosmuer's Antique Armour Emporium.
  3723 | D:4      | Bought a runed robe for 103 gold pieces
  3767 | D:4      | Found Foihaska's Antique Armour Emporium.
  3814 | D:4      | Found Soin's Book Emporium.
  3856 | D:4      | Found a glowing silver altar of Zin.
  3856 | D:4      | Noticed Menkaure
  3859 | D:4      | Killed Menkaure
  3860 | D:4      | Reached skill level 1 in Staves
  3905 | D:4      | Noticed Blork the orc
  3911 | D:4      | Killed Blork the orc
  3912 | D:4      | Reached XP level 7. HP: 38/38 MP: 10/15
  4322 | D:5      | Entered Level 5 of the Dungeon
  4576 | D:5      | Found a staircase to the Ecumenical Temple.
  4606 | D:5      | Found a basalt altar of Yredelemnul.
  4915 | D:5      | Found Inizaf's Book Emporium.
  4919 | D:5      | Found Peegarph's Antique Weapon Emporium.
  4919 | D:5      | Found Sarphy's Weapon Emporium.
  4919 | D:5      | Found Gabryig's Book Emporium.
  4959 | D:5      | Reached skill level 5 in Spellcasting
  5278 | D:5      | Found a bloodstained altar of Trog.
  6077 | D:6      | Reached XP level 8. HP: 44/44 MP: 9/17
  6196 | D:6      | Reached * piety under Vehumet
  6196 | D:6      | Offered knowledge of Foxfire by Vehumet.
  6228 | D:6      | Slain by a wight

Illustrated notes

Levels and vault maps discovered:
D:1:      wander_arrival_fairy_ring, layout_basic
D:2:      layout_loops_cross, grunt_temple_overflow_cloverleaf, uniq_sigmund,
          uniq_natasha, uniq_terence
D:3:      layout_basic, gammafunk_temple_overflow_pools, gammafunk_ghost_smash,
          minmay_misc_feat_rows, uniq_jessica
D:4:      layout_rooms, zin_scriptorium, serial_shops,
          nicolae_shop_overgrown_old_shop, shop_fountains, shop_statue,
          minmay_hedge_maze, abandoned_shop, uniq_menkaure, uniq_blork_the_orc
D:5:      cheibrodos_iron_armory, layout_basic, bloody_trog, lemuel_round_altar,
          minmay_temple_entry_trees, nicolae_ossuary_entry_false_entrances,
          minmay_shop_grid_forest
D:6:      layout_layer_cave, serial_shops, shop, nemelex_diamond_rough_becter

Skill      XL: |  1  2  3  4  5  6  7  8 |
---------------+-------------------------+-----
Translocations | 1 3 4 |  4.7
Fighting       | 1 2 |  2.0
Spellcasting   | 4 5 |  5.0
Conjurations   | 5 6 7 |  7.9
Staves         | 1 2 3 |  3.0
Stealth        | 3 4 |  4.0
Dodging        | 3 4 |  4.0

Action                   |  1- 3 |  4- 6 |  7- 9 || total
-------------------------+-------+-------+-------++-------
Melee: Quarterstaff      |       |     6 |     7 ||    13
 Cast: Magic Dart        |    25 |    12 |     5 ||    42
       Searing Ray       |     9 |    40 |    25 ||    74
       Iskenderun's Myst |       |     2 |    11 ||    13
  Use: Scroll            |     3 |     2 |     6 ||    11
       Potion            |     1 |       |     5 ||     6
Armor: Robe              |     4 |     5 |     6 ||    15
Dodge: Dodged            |     3 |    18 |    25 ||    46
